Map: Concord LE

Players

Mayleina - Winner!

  • Race: Protoss Protoss
  • Spawn Location: 9:00

RiceIsNice - Winner!

  • Race: Zerg Zerg
  • Spawn Location: 7:00

Ares - Winner!

  • Race: Terran Terran
  • Spawn Location: 6:00

SilentHippo - Winner!

  • Race: Protoss Protoss
  • League: Silver
  • Spawn Location: 6:00

MagicTurtle

  • Race: Terran Terran
  • Spawn Location: 12:00

JonPrior

  • Race: Protoss Protoss
  • Spawn Location: 1:00

BlueShadow

  • Race: Terran Terran
  • Spawn Location: 3:00

BoneSaw

  • Race: Protoss Protoss
  • League: Platinum
  • Spawn Location: 3:00

VOD

Have the link to the VOD?

Description

Time

  • Played on: April 7, 2024, 1:14 a.m.
  • Length: 5:46
Show
View Real Time Build Order
Export as new Build Order

Mayleina Protoss - Winner!

Build Orders:  

Get SALT Encoding   

  12  0:00  Probe  
  13  0:12  Probe  
  14  0:19  Pylon  
  14  0:24  Probe  
  15  0:37  Probe (Chrono Boost)  
  15  0:38  Gateway  
  16  0:47  Probe (Chrono Boost)  
  17  0:52  Assimilator, Probe (Chrono Boost)  
  18  1:03  Probe  
  19  1:10  Gateway  
  19  1:15  Probe  
  20  1:26  Cybernetics Core  
  20  1:27  Probe  
  21  1:33  Assimilator  
  21  1:48  Probe  
  21  1:49  Pylon  
  22  1:59  Warp Gate (Chrono Boost)  
  22  2:00  Probe  
  23  2:07  Stalker  
  25  2:10  Gateway  
  25  2:12  Stalker  
  27  2:25  Probe  
  28  2:34  Pylon  
  28  2:37  Stalker  
  30  2:52  Stalker  
  32  2:58  Stalker  
  34  3:24  Nexus  
  34  3:25  Pylon  
  34  3:34  Stalker  
  34  3:37  Stalker  
  38  3:46  Stalker  
  40  4:02  Stalker x2  
  44  4:32  Stalker  
  44  4:57  Probe  
  44  4:58  Probe  
  46  5:00  Stalker x3  
  52  5:10  Probe (Chrono Boost)  
  52  5:11  Probe (Chrono Boost)  
  54  5:23  Assimilator, Probe (Chrono Boost)  
  54  5:27  Probe (Chrono Boost)  
  56  5:30  Probe (Chrono Boost)  
  56  5:34  Probe (Chrono Boost)  
  58  5:44  Stalker x2  
Show
View Real Time Build Order
Export as new Build Order

RiceIsNice Zerg - Winner!

Build Orders: Pool First 

Get SALT Encoding   

  12  0:04  Drone  
  13  0:10  Drone  
  14  0:17  Overlord  
  14  0:37  Extractor  
  14  0:39  Drone, Spawning Pool  
  14  0:42  Drone  
  14  0:46  Drone  
  15  0:53  Drone  
  16  1:04  Drone  
  17  1:12  Drone  
  18  1:23  Overlord  
  18  1:25  Queen  
  20  1:38  Zergling x2  
  21  1:49  Zergling x2  
  22  1:55  Hatchery  
  22  1:56  Metabolic Boost  
  22  1:59  Zergling x2  
  22  2:06  Zergling x2  
  23  2:23  Zergling x2  
  23  2:27  Zergling x2  
  25  2:49  Zergling x4  
  25  2:50  Zergling x4  
  29  3:00  Baneling Nest  
  29  3:01  Drone  
  29  3:11  Queen  
  31  3:13  Zergling x4  
  33  3:29  Zergling x4  
  35  3:46  Lair  
  35  3:48  Zergling x2  
  35  3:50  Overlord x3  
  24  4:44  Zergling x2  
  24  4:45  Zergling x12  
  31  4:55  Drone  
  31  4:57  Zergling x2  
Show
View Real Time Build Order
Export as new Build Order

Ares Terran - Winner!

Build Orders:  

Get SALT Encoding   

  12  0:00  SCV  
  13  0:12  SCV  
  14  0:18  Supply Depot  
  14  0:24  SCV  
  15  0:40  SCV  
  15  0:41  Barracks  
  16  0:46  Refinery  
  16  0:52  SCV  
  17  1:08  SCV  
  17  1:09  Barracks  
  18  1:20  SCV  
  19  1:29  Barracks  
  19  1:32  SCV  
  20  1:33  Refinery  
  20  1:36  Supply Depot  
  20  1:41  Reaper  
  21  1:47  SCV  
  22  1:59  SCV  
  22  2:00  Reaper  
  22  2:01  Supply Depot  
  24  2:11  SCV  
  24  2:15  Reaper  
  26  2:21  Supply Depot  
  26  2:23  SCV  
  27  2:35  SCV, Supply Depot  
  27  2:36  Reaper  
  29  2:40  Reaper  
  30  2:47  Reaper  
  31  3:01  SCV  
  32  3:08  Reaper  
  32  3:12  Reaper  
  33  3:17  SCV  
  33  3:19  Reaper  
  35  3:30  SCV  
  36  3:40  Reaper  
  37  3:42  SCV  
  37  3:44  Reaper  
  37  3:45  Command Center  
  39  3:51  Reaper  
  40  4:03  SCV  
  41  4:13  Reaper  
  41  4:16  Reaper  
  43  4:37  Reaper  
  43  4:38  SCV  
  45  4:45  Reaper  
  46  5:01  Reaper  
  46  5:02  SCV  
  48  5:07  Orbital Command  
  48  5:14  SCV  
  49  5:16  Factory  
  49  5:19  Engineering Bay  
  49  5:26  SCV  
  50  5:29  Command Center  
  50  5:32  Command Center  
Show
View Real Time Build Order
Export as new Build Order

SilentHippo Protoss - Winner!

Build Orders:  

Get SALT Encoding   

  12  0:15  Pylon  
  12  0:17  Probe (Chrono Boost)  
  13  0:28  Probe (Chrono Boost)  
  14  0:32  Probe (Chrono Boost)  
  15  0:39  Gateway  
  15  0:46  Probe  
  16  0:51  Assimilator  
  16  0:58  Probe  
  16  1:00  Assimilator  
  17  1:10  Probe (Chrono Boost)  
  18  1:22  Probe (Chrono Boost)  
  19  1:27  Probe (Chrono Boost)  
  19  1:28  Cybernetics Core  
  20  1:37  Probe  
  20  1:38  Pylon  
  21  1:49  Probe  
  22  2:01  Probe  
  23  2:09  Stargate  
  23  2:13  Probe  
  23  2:14  Pylon  
  24  2:20  Stargate  
  24  2:33  Probe  
  25  2:40  Forge  
  29  3:01  Void Ray  
  33  3:19  Void Ray (Chrono Boost)  
  33  3:29  Nexus  
  33  3:38  Pylon  
  37  3:56  Void Ray (Chrono Boost)  
  41  4:20  Void Ray  
  37  4:44  Void Ray, Probe x2  
  39  4:56  Probe x2  
  39  4:58  Assimilator  
  41  5:00  Assimilator  
  41  5:08  Shield Battery, Probe  
  41  5:09  Probe  
  43  5:20  Probe  
  43  5:21  Probe  
  45  5:33  Probe  
Show
View Real Time Build Order
Export as new Build Order

MagicTurtle Terran 

Build Orders:  

Get SALT Encoding   

  12  0:00  SCV  
  13  0:20  Supply Depot, SCV  
  14  0:32  SCV  
  15  0:43  Barracks  
  15  0:46  SCV  
  16  0:50  Refinery  
  16  0:53  Refinery  
  16  0:58  SCV  
  17  1:11  SCV  
  18  1:25  SCV  
  19  1:30  Barracks Reactor  
  19  1:32  Supply Depot  
  19  1:37  SCV  
  20  1:49  SCV  
  21  1:56  Barracks  
  21  2:00  Factory  
  21  2:03  Supply Depot  
  21  2:06  Orbital Command  
  21  2:11  Marine  
  21  2:13  Marine  
  23  2:30  Marine  
  23  2:31  Marine  
  23  2:34  SCV  
  26  2:48  Starport  
  25  2:56  Marine x2  
  27  3:02  Factory Tech Lab  
  27  3:03  SCV  
  28  3:14  Marine  
  28  3:15  Marine  
  30  3:41  Medivac x2  
  34  3:52  Command Center  
  16  4:48  Marine  
  6  5:01  SCV  
  3  5:13  SCV  
Show
View Real Time Build Order
Export as new Build Order

JonPrior Protoss 

Build Orders:  

Get SALT Encoding   

  12  0:00  Probe (Chrono Boost)  
  13  0:14  Pylon  
  13  0:16  Probe (Chrono Boost)  
  14  0:28  Probe  
  15  0:38  Gateway  
  15  0:40  Probe  
  16  0:47  Assimilator  
  16  0:52  Probe  
  16  0:56  Assimilator  
  17  1:05  Probe  
  17  1:09  Pylon  
  18  1:17  Pylon  
  18  1:22  Probe  
  19  1:33  Forge  
  19  1:34  Probe  
  19  1:36  Cybernetics Core  
  20  1:46  Probe (Chrono Boost)  
  21  1:57  Probe (Chrono Boost)  
  22  2:16  Stargate  
  22  2:24  Photon Cannon  
  22  2:28  Probe  
  23  2:43  Pylon  
  23  2:51  Pylon  
  23  3:01  Photon Cannon  
  23  3:03  Nexus  
  25  3:32  Void Ray (Chrono Boost)  
  27  3:37  Pylon  
  27  3:41  Stargate  
  27  3:48  Pylon  
  24  4:53  Pylon  
Show
View Real Time Build Order
Export as new Build Order

BlueShadow Terran 

Build Orders:  

Get SALT Encoding   

  12  0:00  SCV  
  13  0:12  SCV  
  14  0:25  Supply Depot, SCV  
  15  0:46  SCV  
  15  0:49  Barracks  
  16  0:55  Refinery  
  16  0:58  SCV  
  17  1:10  SCV  
  18  1:17  Supply Depot  
  18  1:23  SCV  
  19  1:35  SCV  
  19  1:38  Barracks  
  19  1:39  Marine  
  22  1:47  SCV  
  22  1:56  Marine  
  23  2:09  SCV  
  24  2:18  Barracks Reactor  
  24  2:25  Barracks Tech Lab  
  24  2:26  Engineering Bay  
  24  2:35  SCV  
  25  2:41  Refinery  
  25  2:47  SCV  
  26  3:03  Marine x2  
  26  3:05  Marauder  
  30  3:11  Engineering Bay  
  30  3:17  SCV  
  31  3:24  Supply Depot  
  31  3:30  Combat Shield  
  31  3:45  Marine x2  
  31  3:46  Supply Depot, Marauder, SCV  
  34  3:58  SCV  
  35  4:03  Marine x2  
  35  4:07  Marauder  
  39  4:10  SCV  
  39  4:11  Supply Depot  
  39  4:20  Factory  
  39  4:21  Marine x2  
  39  4:22  SCV  
  39  4:39  Marine x2  
  35  4:57  Marine x2  
  37  5:05  Barracks  
  35  5:08  Marauder  
  35  5:14  Marine x2  
Show
View Real Time Build Order
Export as new Build Order

BoneSaw Protoss 

Build Orders:  

Get SALT Encoding   

  12  0:03  Probe  
  13  0:16  Probe  
  14  0:36  Probe  
  14  0:37  Pylon  
  15  0:53  Pylon  
  15  0:55  Probe  
  16  0:57  Gateway  
  16  1:07  Assimilator, Probe  
  16  1:11  Gateway  
  17  1:32  Gateway  
  17  1:45  Cybernetics Core  
  17  1:51  Forge  
  17  1:54  Pylon  
  17  2:15  Probe  
  18  2:18  Assimilator  
  18  2:20  Stalker (Chrono Boost)  
  18  2:21  Stalker (Chrono Boost)  
  20  2:27  Probe  
  23  2:36  Photon Cannon  
  23  3:03  Photon Cannon  
  23  3:05  Probe (Chrono Boost)  
  24  3:15  Probe (Chrono Boost)  
  25  3:20  Probe (Chrono Boost)  
  24  3:37  Stargate  
  24  3:40  Stargate  
  24  3:42  Pylon  
  24  4:11  Probe (Chrono Boost)  
  23  4:21  Probe (Chrono Boost)  
  24  4:26  Probe (Chrono Boost)  
  24  4:30  Void Ray (Chrono Boost)  
  33  4:37  Probe  
  34  4:38  Void Ray (Chrono Boost)  
  34  4:49  Probe  
  35  5:00  Nexus  
  35  5:02  Probe  
Tags
 
Add a new tag
Caveats
  • Supply blocks, unpowered buildings, or Contaminate may cause inaccurate times.
  • Supply counts are checked every 10 seconds.